Map: Honorgrounds LE

Players

uThermal - Winner!

  • Race: Terran Terran
  • Spawn Location: 7:00

Zanster

  • Race: Zerg Zerg
  • Spawn Location: 1:00

Event: IEM XI Katowice - World Championship 2017

VOD

Have the link to the VOD?

Description

Time

  • Played on: Feb. 27, 2017, 9:25 a.m.
  • Length: 12:05

All games in this series

Show
View Real Time Build Order
Export as new Build Order

uThermal Terran - Winner!

Build Orders: MMM Bio 

Get SALT Encoding   

  12  0:01  SCV  
  13  0:13  SCV  
  14  0:18  Supply Depot  
  14  0:25  SCV  
  15  0:39  SCV  
  15  0:40  Barracks  
  16  0:45  Refinery  
  16  0:51  SCV  
  17  1:03  SCV  
  18  1:08  Barracks  
  18  1:15  SCV  
  19  1:21  Barracks  
  19  1:29  Reaper  
  19  1:32  Refinery  
  20  1:45  Orbital Command  
  20  1:55  Reaper  
  20  1:58  Supply Depot  
  21  2:03  Reaper  
  22  2:11  Reaper  
  23  2:20  SCV  
  24  2:25  Supply Depot  
  24  2:27  Reaper  
  25  2:32  SCV  
  25  2:35  Reaper  
  27  2:44  SCV  
  27  2:46  Reaper  
  29  2:56  SCV  
  30  3:01  Reaper  
  31  3:07  Reaper  
  31  3:11  Command Center  
  32  3:13  SCV  
  33  3:21  Reaper  
  33  3:26  SCV  
  35  3:33  Supply Depot  
  35  3:34  Reaper  
  36  3:38  SCV  
  36  3:39  Reaper  
  38  3:50  SCV  
  38  3:54  Factory, Barracks Tech Lab  
  39  4:02  SCV  
  40  4:08  Marine  
  41  4:11  Marine  
  41  4:13  Marine, Stimpack  
  41  4:14  SCV  
  44  4:22  Orbital Command  
  44  4:26  SCV  
  44  4:28  Marine  
  46  4:35  Barracks Reactor  
  46  4:36  Marine  
  47  4:38  SCV  
  47  4:40  Starport  
  47  4:42  Factory Reactor  
  48  4:48  SCV  
  48  4:49  Refinery  
  48  4:50  SCV  
  51  4:56  Marine  
  51  4:58  Barracks Reactor  
  51  5:00  SCV  
  51  5:02  SCV  
  53  5:07  Supply Depot  
  53  5:11  Marine  
  53  5:12  Marine  
  53  5:13  SCV  
  53  5:14  Marine, SCV  
  56  5:17  Supply Depot  
  58  5:25  SCV, Medivac  
  58  5:27  SCV  
  62  5:29  Medivac  
  62  5:30  Marine  
  62  5:31  Marine x2, Supply Depot  
  62  5:34  Marine x2  
  69  5:38  Widow Mine  
  69  5:41  Supply Depot  
  69  5:42  SCV x2  
  73  5:53  Marine  
  73  5:54  SCV x2  
  76  6:01  Marine  
  77  6:06  SCV x2  
  77  6:07  Command Center  
  77  6:09  Marine  
  77  6:10  Marine  
  81  6:13  Marine  
  81  6:14  Combat Shields  
  82  6:22  SCV, Engineering Bay  
  82  6:24  Marine  
  82  6:25  Engineering Bay  
  85  6:27  Marine x2  
  85  6:31  Supply Depot, SCV  
  87  6:34  SCV  
  88  6:40  Marine  
  88  6:41  Medivac  
  88  6:43  SCV  
  88  6:45  Medivac  
  94  6:48  Supply Depot  
  94  6:49  Factory Reactor  
  94  6:53  Marine, SCV  
  96  6:59  Marine  
  97  7:02  Missile Turret  
  97  7:13  Marine  
  97  7:15  Marine x3  
  99  7:17  Marine  
  99  7:20  SCV x2  
  104  7:24  Missile Turret  
  104  7:26  Refinery  
  104  7:28  Missile Turret x2  
  104  7:31  Marine  
  104  7:33  Marine x2, Missile Turret  
  107  7:38  Bunker, SCV  
  107  7:39  SCV  
  109  7:46  Marine x2  
  109  7:48  Orbital Command  
  109  7:51  SCV x2  
  112  7:54  Marine  
  112  7:55  Marine  
  115  8:00  Marine  
  115  8:03  SCV x2  
  115  8:04  Marine  
  115  8:05  Marine  
  119  8:14  Marine x2  
  119  8:15  SCV  
  119  8:16  SCV x2  
  123  8:21  Marine  
  123  8:27  SCV  
  123  8:28  SCV  
  123  8:31  Supply Depot  
  123  8:32  Supply Depot  
  123  8:33  SCV  
  125  8:39  Marine x2  
  125  8:51  Engineering Bay x2  
  125  8:52  Armory  
  125  8:53  Marine x3, SCV, Medivac x2  
  125  8:54  Supply Depot  
  125  8:55  SCV  
  134  8:57  Supply Depot  
  134  9:02  Supply Depot, Factory Reactor  
  134  9:12  Marine, Barracks  
  134  9:13  Marine  
  134  9:14  Barracks  
  134  9:15  Marine  
  137  9:19  Marine  
  137  9:20  Marine  
  137  9:22  Terran Infantry Armor Level 1, Terran Infantry Weapons Level 1  
  137  9:30  Marine  
  137  9:31  Marine, Medivac  
  138  9:32  Marine, Missile Turret  
  138  9:34  Medivac  
  138  9:37  Marine x2  
  146  9:38  Widow Mine x2  
  150  9:49  Marine  
  150  9:51  Barracks  
  150  9:52  Marine, Barracks  
  152  9:54  Marine, Barracks  
  152  9:58  Concussive Shells  
  153  10:01  Supply Depot, Barracks Reactor x2  
  153  10:03  Medivac  
  155  10:08  Medivac  
  155  10:11  Marine x2  
  155  10:13  Marine  
  159  10:14  Marine x2  
  159  10:17  Widow Mine x2  
  165  10:22  Supply Depot  
  165  10:23  Supply Depot  
  163  10:28  Marine  
  163  10:29  Marine  
  163  10:31  Marine  
  164  10:36  SCV  
  164  10:37  Marine x2  
  164  10:38  Marine x3  
  164  10:42  Barracks Tech Lab x2, Barracks Reactor  
  168  10:45  Widow Mine  
  168  10:48  Marine  
  172  10:50  Widow Mine  
  172  10:52  Marine  
  175  10:58  Unknown x2  
  175  11:00  Marine  
  175  11:01  Marine  
  175  11:02  Command Center  
  175  11:06  Marine  
  175  11:07  Marauder  
  175  11:08  Marine x2  
  175  11:09  Marine  
  181  11:15  Supply Depot  
  181  11:27  Marine, Marauder  
  180  11:35  Widow Mine  
  180  11:37  Marine x5  
  180  11:38  Marine  
Show
View Real Time Build Order
Export as new Build Order

Zanster Zerg 

Build Orders: Hatch First, Muta Ling Bane 

Get SALT Encoding   

  12  0:00  Drone  
  13  0:13  Overlord  
  13  0:17  Drone  
  14  0:31  Drone  
  14  0:32  Drone  
  16  0:36  Drone  
  17  0:47  Drone  
  18  0:56  Hatchery  
  17  0:59  Drone  
  18  1:07  Extractor, Drone  
  18  1:18  Spawning Pool  
  17  1:21  Drone  
  18  1:29  Drone  
  19  1:40  Drone  
  20  1:52  Overlord  
  20  2:06  Queen  
  22  2:08  Zergling x4, Queen  
  22  2:09  Metabolic Boost  
  22  2:14  Zergling x2  
  27  2:24  Drone x2  
  29  2:30  Drone  
  29  2:35  Drone  
  31  2:42  Queen  
  31  2:43  Drone  
  34  2:44  Queen  
  36  2:51  Overlord  
  36  2:58  Overlord  
  36  3:10  Zergling x6  
  39  3:14  Overlord  
  39  3:15  Zergling x2  
  39  3:16  Zergling x8  
  44  3:22  Queen  
  44  3:24  Zergling x2  
  44  3:27  Zergling x2  
  47  3:29  Zergling x2  
  47  3:32  Zergling x2  
  49  3:39  Lair  
  49  3:51  Drone x5  
  49  3:54  Drone  
  49  3:55  Drone  
  56  3:58  Drone  
  57  4:02  Overlord  
  57  4:05  Drone  
  57  4:09  Extractor, Drone  
  58  4:10  Drone  
  59  4:19  Overlord  
  59  4:24  Zergling x4  
  59  4:30  Zergling x6  
  64  4:34  Extractor  
  64  4:35  Extractor  
  64  4:38  Zergling x6  
  65  4:39  Overlord  
  65  4:40  Drone x2  
  67  4:50  Drone  
  67  4:51  Drone  
  67  4:52  Spire  
  68  5:04  Drone  
  68  5:05  Drone x6  
  75  5:10  Overlord  
  75  5:16  Drone  
  76  5:22  Drone  
  77  5:43  Drone  
  77  5:44  Zergling x2, Drone x2  
  77  5:45  Zergling x4  
  77  5:46  Hatchery  
  82  5:52  Overlord  
  82  6:10  Mutalisk x6  
  93  6:22  Overlord  
  93  6:23  Mutalisk  
  93  6:24  Mutalisk x2  
  93  6:25  Baneling Nest  
  98  6:30  Overlord  
  98  6:32  Zergling x2  
  99  6:35  Overlord  
  99  6:41  Overlord  
  99  6:49  Mutalisk x2  
  99  6:50  Mutalisk  
  99  6:51  Hatchery  
  104  6:54  Zergling x6  
  104  6:58  Zergling x4  
  109  7:02  Zergling x6  
  112  7:09  Overlord  
  112  7:20  Drone x2  
  112  7:21  Drone x2  
  116  7:24  Centrifical Hooks, Evolution Chamber x2  
  116  7:26  Hatchery  
  113  7:33  Baneling  
  113  7:34  Baneling x7  
  113  7:40  Zerg Flyer Weapons Level 1  
  113  7:42  Baneling x4  
  113  7:45  Zergling x4  
  113  7:46  Zergling x2  
  113  7:50  Overlord  
  116  7:55  Zerg Melee Weapons Level 1, Drone  
  116  7:56  Drone x2  
  119  8:04  Zerg Ground Armor Level 1  
  118  8:14  Zergling x16  
  126  8:20  Overseer  
  126  8:21  Overseer  
  126  8:26  Zergling x14  
  129  8:30  Baneling  
  129  8:31  Baneling x3  
  125  8:35  Overlord  
  125  8:41  Mutalisk  
  125  8:42  Mutalisk  
  125  8:44  Zergling x4  
  131  8:49  Zergling x2  
  131  8:51  Baneling x4  
  131  8:52  Zergling x2  
  131  8:53  Zergling x2  
  131  8:54  Zergling x2  
  131  8:55  Zergling x4  
  137  8:59  Zergling x2  
  136  9:21  Hatchery  
  136  9:24  Mutalisk x3  
  141  9:31  Drone  
  141  9:32  Overlord, Drone x5  
  141  9:33  Drone  
  148  9:42  Mutalisk x2  
  148  9:45  Overlord  
  152  9:54  Zergling x4  
  154  10:06  Drone  
  155  10:07  Overlord  
  155  10:09  Drone  
  155  10:10  Drone x5  
  157  10:30  Zergling x10  
  158  10:38  Mutalisk x2  
  158  10:40  Mutalisk  
  154  10:43  Drone  
  154  10:44  Drone x2  
  154  10:45  Extractor  
  154  10:46  Extractor  
  155  10:50  Zergling x6  
  155  10:51  Zergling x2  
  159  11:07  Zergling x18  
  167  11:14  Overlord x2  
  167  11:15  Overlord  
  167  11:19  Baneling x7  
  153  11:36  Mutalisk  
  153  11:37  Mutalisk x3  
  153  11:39  Zergling x14  
  139  11:40  Zergling x2  
  139  11:42  Baneling x4  
  139  11:44  Baneling  

Tags
 
Add a new tag
Caveats
  • Supply blocks, unpowered buildings, or Contaminate may cause inaccurate times.
  • Supply counts are checked every 10 seconds.